 Dungeon Crawl Stone Soup version 0.20-a0-1124-g2e29d97 (webtiles) character file.

127 FrankyJ the Sneak (level 5, -13/30 HPs)
             Began as a Gargoyle Gladiator on May 16, 2017.
             Killed by divine providence
             ... invoked by an orc priest
              (14 damage)
             ... on level 3 of the Dungeon.
             The game lasted 00:03:22 (2439 turns).

FrankyJ the Sneak (Gargoyle Gladiator)              Turns: 2439, Time: 00:03:22

Health: -13/30     AC:  8    Str: 18    XL:     5   Next: 11%
Magic:  5/5        EV: 12    Int:  9    God:
Gold:   115        SH:  0    Dex: 11    Spells: 4/4 levels left

rFire    . . .     SeeInvis .   a - +0 rapier
rCold    . . .     Gourm    .   (no shield)
rNeg     + . .     Faith    .   b - +0 leather armour
rPois    ∞         Spirit   .   c - +0 helmet
rElec    +         Reflect  .   (no cloak)
rCorr    .         Harm     .   (no gloves)
MR       .....                  (no boots)
Stlth    ++........             (no amulet)
Regen    0.1/turn               (no ring)
MPRegen  0.1/turn               (no ring)

@: no status effects
A: negative energy resistance 1, electricity resistance, unbreathing,
petrification resistance, rot immunity, AC +4
a: no special abilities


You were on level 3 of the Dungeon.
You were very hungry.

You visited 1 branch of the dungeon, and saw 3 of its levels.

You collected 115 gold pieces.

Inventory:

Hand Weapons
 a - a +0 rapier (weapon)
Missiles
 d - 3 throwing nets (quivered)
 j - 3 needles of paralysis
 m - 7 needles of confusion
 p - 5 steel tomahawks
Armour
 b - a +0 leather armour (worn)
 c - a +0 helmet (worn)
Scrolls
 i - a scroll of identify {unknown}
 l - a scroll of recharging {unknown}
 n - a scroll of remove curse
 o - a scroll of amnesia {unknown}
Potions
 e - 2 potions of curing {unknown}
 q - a potion of flight {unknown}
Comestibles
 f - 5 bread rations
 g - 3 royal jellies
 k - 2 meat rations


   Skills:
 - Level 2.1 Fighting
 + Level 3.3 Short Blades
 - Level 1.7 Throwing
 + Level 2.1 Armour
 - Level 2.4 Dodging
 * Level 3.9 Stealth


You had 4 spell levels left.
You didn't know any spells.

Dungeon Overview and Level Annotations

Branches:
Dungeon (3/15)

Altars:


Innate Abilities, Weirdness & Mutations

You are resistant to torment.
Your stone body is resilient. (AC +4)
You are immune to poison.
You resist negative energy. (rN+)
You are resistant to electric shocks. (rElec)
You can survive without breathing.
You are immune to petrification.
You are immune to rotting.


Message History

It was a scroll of magic mapping.
The orc hits you but does no damage.
The orc priest hits you from afar with a trident.
* * * LOW HITPOINT WARNING * * *
You feel yourself speed up. The orc hits you but does no damage.
The orc wizard mumbles some strange words.
The orc wizard blinks!
The orc wizard gestures wildly while chanting.
The orc wizard blinks!
A ball python and an adder come into view.
The adder moves out of view.
The ball python hisses angrily.
The ball python closely misses you. The ball python misses you.
The orc priest mumbles some strange prayers to Beogh against you.
Beogh smites you!
* * * LOW HITPOINT WARNING * * *
You hear a bark!
The orc priest invokes the aid of Beogh against you.
Beogh smites you!
You die...

*,,**,** ###,* *,,,,, *,,**..*
#..,* ****** ,,,###.* #.#** *
**,#.#.* #.# ******* **,,#..* #.#
*,,,,,, *,,**#.## #.# ***,*****
*,** ##.######.## *,,,,,* *
,,,*##..$o..o..o########*,***,***
,,,,#...######.S@.......<,* *,,,,
,,*#.##.# #..########*,***,***
,,*#,*#o######..# *,,,,,,,*
,,,,,,.o........###### ***,**,,,
,,**,##.#######......#### *,,,,,,
,,**,*#.##..............# ****,,,
,,,,,,..##.#########.##.# **,*
,***,*###*,* #.##.# *,* ,* *,*
*,* #.##.# *,*


You could see an orc priest, an orc wizard, an orc and a ball python.

Vanquished Creatures
  A gnoll (D:2)
  5 adders (D:2)
  An ooze (D:1)
  3 worms
  A dart slug (D:2)
  3 leopard geckos
  4 bats
  2 giant cockroaches
  6 goblins
  5 hobgoblins
  3 jackals
  8 kobolds
  A quokka (D:2)
  3 frilled lizards
  6 rats
52 creatures vanquished.

Notes
Turn   | Place    | Note
-------+----------+-------------------------------------------
     0 | D:1      | FrankyJ the Gargoyle Gladiator began the quest for the Orb.
     0 | D:1      | Reached XP level 1. HP: 12/12 MP: 1/1
    97 | D:1      | Reached skill level 1 in Stealth
   420 | D:1      | Reached XP level 2. HP: 17/17 MP: 2/2
   919 | D:2      | Reached skill level 1 in Armour
   944 | D:2      | Reached XP level 3. HP: 16/21 MP: 3/3
  1712 | D:2      | Reached XP level 4. HP: 26/26 MP: 4/4
  1946 | D:2      | Reached XP level 5. HP: 26/30 MP: 5/5
  2438 | D:3      | HP: 1/30 [orc priest/divine providence (8)]
  2439 | D:3      | Killed from afar by an orc priest

Vault maps used:
D:1:      dpeg_arrival_brainrot, supply_closet_lemuel
D:2:      minmay_box_of_dots
D:3:      first_bread, xom_teletrap_fun

Skill      XL: |  1  2  3  4 |
---------------+-------------+-----
Stealth        | 1 2 3 |  3.9
Armour         | 1 2 |  2.1
Short Blades   | 3 |  3.3
Fighting       | |  2.1
Throwing       | |  1.7
Dodging        | |  2.4

Action                   |  1- 3 |  4- 6 || total
-------------------------+-------+-------++-------
Melee: Rapier            |   103 |   101 ||   204
  Use: Scroll            |       |     2 ||     2
 Stab: Sleeping          |     1 |     2 ||     3
       Distracted        |     1 |       ||     1
  Eat: Chunk             |     3 |     1 ||     4
Armor: Leather armour    |    35 |    29 ||    64
Dodge: Dodged            |    92 |    63 ||   155
